 Dungeon Crawl Stone Soup version 0.29.1-2-gbd0b4ee654 (webtiles) character file.

Game seed: 15936038110187907552

7 Mune the Vexing (level 1, -3/7 HPs)
             Began as a Felid Enchanter on Nov 17, 2022.
             Slain by a hobgoblin (4 damage)
             ... on level 1 of the Dungeon.
             The game lasted 00:03:45 (626 turns).

Mune the Vexing (Felid Enchanter)                    Turns: 626, Time: 00:03:45

Health: -3/7       AC:  1    Str:  4    XL:     1   Next: 91%
Magic:  0/4        EV: 17    Int: 16    God:
Gold:   11         SH:  0    Dex: 16    Spells: 4/4 levels left
                                        Lives:  0   Deaths: 0

rFire   . . .      SeeInvis +     - Unarmed
rCold   . . .      Faith    .   (shield unavailable)
rNeg    . . .      Spirit   +   (body armour unavailable)
rPois   .          Reflect  .   (helmet unavailable)
rElec   .          Harm     .   (cloak unavailable)
rCorr   .          Rampage  .   (gloves unavailable)
Will    .....                   (boots unavailable)
Stlth   +++.......              b - amulet of guardian spirit
HPRegen 0.02/turn               c - ring of flight
MPRegen 0.09/turn               (no ring)

@: flying, quick
A: very small, claws 1, fangs 3, see invisible, speed 1, shaggy fur 1, stealthy
paws, no weapons or thrown items, no armour, multi-lived
a: no special abilities


You were on level 1 of the Dungeon.
You visited 1 branch of the dungeon, and saw 1 of its levels.

You collected 11 gold pieces.

Inventory:

Hand Weapons
 g - a +0 dagger
Armour
 d - a +0 hat
Jewellery
 b - an amulet of guardian spirit (around neck)
 c - a ring of flight (left paw)
Scrolls
 a - a scroll of enchant armour {unknown}
 e - 2 scrolls of silence {unknown}
Potions
 f - a potion of might {unknown}


   Skills:
 + Level 2.7 Dodging
 + Level 4.3 Stealth
 + Level 1.1 Unarmed Combat
 + Level 2.0 Spellcasting
 + Level 4.7 Hexes


You had 4 spell levels left.
You didn't know any spells.
Your spell library contained the following spells:

 Spells                   Type           Power      Damage    Failure   Level
 Confusing Touch          Hex            16%        N/A       9%          3
 Tukima's Dance           Hex            16%        N/A       9%          3
 Ensorcelled Hibernation  Hex/Ice        18%        N/A       12%         2
 Dazzling Flash           Conj/Hex       18%        N/A       24%         3


Dungeon Overview and Level Annotations

Branches:
Dungeon (1/15)

Altars:


Innate Abilities, Weirdness & Mutations

You have sharp claws.
You have razor-sharp teeth.
You have supernaturally acute eyesight. (SInv)
You cover ground quickly. (Speed+)
You are covered in fur. (AC +1)
Your paws help you pounce on unaware monsters.
You are incapable of wielding weapons or throwing items.
You cannot wear armour.
You gain extra lives every three experience levels.


Message History

The giant cockroach is severely wounded.
The giant cockroach misses you.
You scratch the giant cockroach.
The giant cockroach is almost dead.
The giant cockroach completely misses you.
The giant cockroach closely misses you.
You scratch the giant cockroach but do no damage.
The giant cockroach is almost dead.
The giant cockroach misses you.
You barely miss the giant cockroach.
The giant cockroach is almost dead.
The giant cockroach bites you.
You scratch the giant cockroach.
You kill the giant cockroach!
The hobgoblin closely misses you.
You see here a giant cockroach corpse.
The hobgoblin barely misses you. The hobgoblin hits you.
You see here a giant cockroach corpse.
You closely miss the hobgoblin.
You bite the hobgoblin, but do no damage.
The hobgoblin closely misses you.
You scratch the hobgoblin.
The hobgoblin is heavily wounded.
The hobgoblin hits you.
* * * LOW HITPOINT WARNING * * *
You barely miss the hobgoblin.
The hobgoblin is heavily wounded.
The hobgoblin barely misses you.
You scratch the hobgoblin but do no damage.
The hobgoblin is moderately wounded.
The hobgoblin barely misses you.
You scratch the hobgoblin but do no damage.
The hobgoblin is moderately wounded.
The hobgoblin misses you.
You closely miss the hobgoblin.
The hobgoblin is moderately wounded.
The hobgoblin hits you.
Ouch! That really hurt!
You die...

.. ### .. .. #. .. ## #.#
.# .. ..#.# ## .).# ##..#
#...# #.##..###.# #.
....###.!.g@....# #.
#.#..#...##.##..#
#.###.#....#........#
##.....#... #.##.##.##
#........# #.##.##.##
#.##...#>####.##.#...####
+.......................+
#.##...#.~~##.##.#...###
#.~≈≈..#.≈~##.......##


You could see a hobgoblin.

Vanquished Creatures
  A ball python (D:1)
  2 bats (D:1)
  An endoplasm (D:1)
  A giant cockroach (D:1)
  A hobgoblin (D:1)
6 creatures vanquished.

Notes
Turn   | Place    | Note
-------+----------+-------------------------------------------
     0 | D:1      | Mune the Felid Enchanter began the quest for the Orb.
     0 | D:1      | Reached XP level 1. HP: 7/7 MP: 4/4
   546 | D:1      | Found a faded altar of an unknown god.
   626 | D:1      | Slain by a hobgoblin

Illustrated notes

Levels and vault maps discovered:
D:1:      wheals_arrival_linesprint, layout_loops_corners,
          nicolae_ecumenical_lake_church, minmay_hexomino_u4

Action                   || total
-------------------------++-------
Melee: Unarmed           ||    34
       Bite              ||     3
       Punch             ||     1
  Use: Potion            ||     2
 Stab: Sleeping          ||     1
Armor: Skin              ||     5
Dodge: Dodged            ||    29
